 Dungeon Crawl Stone Soup version 0.32-a0-913-g739538afd8 (webtiles) character file.

Game seed: 1325776810982863674

25234 smashvw the Severer (level 12, -4/112 HPs)
             Began as a Minotaur Fighter on Apr 9, 2024.
             Was the Champion of Okawaru.
             Slain by a sphinx (7 damage)
             ... summoned by Kirke
             ... on level 3 of the Lair of Beasts.
             The game lasted 00:28:35 (14016 turns).

smashvw the Severer (Minotaur Fighter)             Turns: 14016, Time: 00:28:35

Health: -4/112     AC:  0    Str: 26    XL:     12   Next: 87%
Magic:  11/11      EV: 12    Int:  5    God:    Okawaru [******]
Gold:   1010       SH:  5    Dex: 10    Spells: 11/11 levels left

rFire   . . .        V - melded +5 broad axe of the Scorching Whale {elec, rElec Will+ Str+5}
rCold   . . .        c - melded +0 buckler
rNeg    . . .        b - melded +0 scale mail
rPois   .            N - melded +2 hat
rElec   .            O - melded +0 cloak of Nikhy {rElec rF++}
rCorr   .            D - melded +1 pair of gloves "Ogynlemn" {Int+2 Stlth+}
SInv    .            (boots currently unavailable)
Will    .....        H - amulet of reflection
Stlth   +            k - melded ring "Feasuok" {Str+6 Int+3 Dex+2 SInv}
HPRegen 0.38/turn    P - melded +6 ring of strength
MPRegen 0.12/turn

%: reflection
@: pig-form, very quick
A: fast, no casting, small, (horns 2), (retaliatory headbutt)
a: Renounce Religion, Heroism, Finesse, Duel


You were on level 3 of the Lair of Beasts.
You worshipped Okawaru.
Okawaru was exalted by your worship.
You were a filthy swine.
You visited 3 branches of the dungeon, and saw 16 of its levels.
You also visited: Sewer.

You collected 1010 gold pieces.

Inventory:

Hand Weapons
 C - a +1 war axe of flaming
 V - the +5 broad axe of the Scorching Whale (melded) {elec, rElec Will+ Str+5}
   (Okawaru gifted it to you on level 2 of the Lair of Beasts)

   Str+5:     It affects your strength (+5).
   rElec:     It insulates you from electricity.
   Will+:     It increases your willpower.
Missiles
 p - a throwing net
 w - 51 poisoned darts (quivered)
 x - 8 curare-tipped darts
 Q - 2 javelins
 R - 4 boomerangs
Armour
 b - a +0 scale mail (melded)
 c - a +0 buckler (melded)
 D - the +1 pair of gloves "Ogynlemn" (melded) {Int+2 Stlth+}
   (Okawaru gifted it to you on level 2 of the Lair of Beasts)

   Int+2:     It affects your intelligence (+2).
   Stlth+:    It makes you more stealthy.
 N - a +2 hat (melded)
 O - the +0 cloak of Nikhy (melded) {rElec rF++}
   (You found it on level 10 of the Dungeon)

   rF++:      It greatly protects you from fire.
   rElec:     It insulates you from electricity.
Jewellery
 k - the ring "Feasuok" (melded) {Str+6 Int+3 Dex+2 SInv}
   (You took it off a hobgoblin on level 2 of the Dungeon)

   [ring of strength]

   Str+6:     It affects your strength (+6).
   Int+3:     It affects your intelligence (+3).
   Dex+2:     It affects your dexterity (+2).
   SInv:      It lets you see invisible.
 r - a +4 ring of slaying
 H - an amulet of reflection (around neck)
 L - a ring of protection from cold
 P - a +6 ring of strength (melded)
 U - a +6 ring of intelligence
Wands
 a - a wand of mindburst (15)
 F - a wand of flame (51)
 I - a wand of paralysis (23)
 S - a wand of roots (10)
 T - a wand of quicksilver (3)
Scrolls
 e - 2 scrolls of enchant weapon
 l - 6 scrolls of fear
 m - 3 scrolls of immolation
 o - 3 scrolls of revelation
 q - 3 scrolls of poison {unknown}
 s - a scroll of enchant armour
 t - a scroll of silence {unknown}
 y - 3 scrolls of teleportation
 B - 2 scrolls of noise {unknown}
 J - 2 scrolls of brand weapon {unknown}
 K - a scroll of butterflies {unknown}
 M - a scroll of vulnerability {unknown}
Potions
 d - 2 potions of enlightenment
 f - 4 potions of curing
 h - 2 potions of magic
 i - 2 potions of attraction {unknown}
 j - a potion of lignification {unknown}
 n - 2 potions of ambrosia {unknown}
 u - 4 potions of brilliance {unknown}
 v - 4 potions of invisibility {unknown}
 z - a potion of haste {unknown}
 A - a potion of cancellation {unknown}
 E - 2 potions of might
 G - 3 potions of degeneration {unknown}


   Skills:
 + Level 12.1 Fighting
 - Level 18.0 Axes
 - Level 6.0 Throwing
 + Level 12.0 Armour
 + Level 7.6 Shields


You had 11 spell levels left.
You didn't know any spells.
Your spell library contained the following spells:

 Spells                   Type           Power      Damage    Failure   Level
 Slow                     Hex            0%         N/A       47%         1
 Lesser Beckoning         Tloc           0%         N/A       63%         2
 Confusing Touch          Hex            0%         N/A       85%         3
 Hailstorm                Conj/Ice       0%         3d5       85%         3
 Maxwell's Portable Pile  Tloc           0%         2d(5-13)  85%         3
 Sigil of Binding         Hex            0%         N/A       85%         3
 Teleport Other           Tloc           0%         N/A       85%         3
 Vampiric Draining        Necr           0%         2d6       85%         3
 Permafrost Eruption      Ice/Erth       0%         2x4d1     100%        6
 Summon Ice Beast         Ice/Summ       Unusable   N/A       N/A         3
 Death Channel            Necr           Unusable   N/A       N/A         6
 Sculpt Simulacrum        Ice/Alch       Unusable   N/A       N/A         6

Dungeon Overview and Level Annotations

Branches:
Dungeon (11/15)            Temple (1/1) D:6            Lair (4/5) D:9
 Shoals (0/4) Lair:2        Snake (0/4) Lair:2        Sewer (visited)
  Slime: Lair:4-5       Orc: D:9-12

Altars:
Ashenzari
Cheibriados
Dithmenos
Elyvilon
Fedhas
Gozag
Hepliaklqana
Kikubaaqudgha
Makhleb
Nemelex Xobeh
Okawaru
Qazlal
Ru
Sif Muna
Trog
Uskayaw
Vehumet
Wu Jian
Xom
Yredelemnul
Zin
The Shining One

Shops:
D:3 :   D:4 [   D:6 [

Annotations:
D:7 2 transporters
Lair:3 Kirke


Innate Abilities, Weirdness & Mutations

You are a filthy swine.
You move quickly.
Your equipment is almost entirely melded.
You are incapable of wielding weapons or throwing items.
You cannot cast spells.
((You have a pair of horns on your head.))
((You reflexively headbutt those who attack you in melee.))


Message History

The hog bites you!
Kirke points at you and mumbles some strange words.
You feel a momentary urge to oink.
You barely miss Kirke.
Kirke is heavily wounded.
The hog misses you.
You barely miss Kirke.
Kirke is heavily wounded.
Kirke gestures wildly while chanting.
Kirke summons a sphinx!
The hog barely misses you.
You closely miss Kirke.
Kirke is heavily wounded.
You block the hog's attack. Kirke barely misses you.
You hit Kirke.
Kirke is heavily wounded.
The sphinx hits you! x2; You block the sphinx's attack.
The hog bites you! Kirke closely misses you.
You completely miss Kirke.
Kirke is heavily wounded.
The hog bites you! The sphinx closely misses you. The sphinx barely misses you.
The sphinx closely misses you.
Kirke gestures wildly while chanting.
Kirke summons a sphinx!
You bite Kirke!
Kirke is heavily wounded.
The hog closely misses you. The sphinx hits you!!
* * * LOW HITPOINT WARNING * * *
The sphinx hits you.
* * * LOW HITPOINT WARNING * * *
The sphinx hits you.
* * * LOW HITPOINT WARNING * * *
You hit Kirke.
Kirke is heavily wounded.
The sphinx hits the fungus!
The fungus begins to die.
The sphinx hits the fungus. x2; The hog closely misses you.
Kirke gestures at you while chanting.
You struggle to resist.
The sphinx hits you!
* * * LOW HITPOINT WARNING * * *
The sphinx hits you!
You die...

..............†........#
...#..#..#.#..##.P.#P.#
...##.#..#####.#.### .#
..# ##...# ###.# @. #.#
##.## #..# h. #.## #.#
##.## .## ...####.# #..#
.$# ........########.##
..#
.........#.#.##Hh####).#
#...............h@....P#
#...............PH##..##
................####..#
................## P..#
...........>....P# #..#
#......####.....## ....
#..)†######.#...## #...#
#....###.####...P###...#


You could see Kirke, 2 sphinxes and a hog.

Vanquished Creatures
  Josephine (D:10)
  2 hydras
  Erica (D:8)
  4 death yaks
  2 two-headed ogres (D:10)
  Sonja (Lair:4)
  A skyshark (Lair:2)
  2 harpies (Lair:2)
  A torpor snail (Lair:2)
  Maggie (D:6)
  4 cane toads
  An unseen horror (D:7)
  2 komodo dragons
  2 trolls
  2 polar bears
  9 blink frogs
  7 dream sheep (Lair:4)
  Sigmund (D:4)
  5 wraiths
  A basilisk (Lair:1)
  15 yaks
  3 hogs (Lair:3)
  4 wyverns
  2 vampire mosquitoes (D:10)
  Edmund (D:5)
  A naga (Lair:2)
  14 water moccasins
  3 orc warriors
  2 ice beasts
  3 black bears
  An ogre (D:7)
  3 wolves (Lair:2)
  2 centaurs (D:7)
  2 phantoms
  8 kobold brigands
  14 bullfrogs
  A gnoll sergeant (D:10)
  2 scorpions
  8 wights (D:8)
  A killer bee (D:9)
  An electric eel (D:10)
  8 howler monkeys
  2 orc priests
  2 bombardier beetles
  4 gnoll boudas
  5 hounds
  4 jellies
  6 orc wizards
  A sleepcap (D:5)
  3 iguanas
  10 adders
  14 gnolls
  2 river rats
  A shadow imp (D:7)
  5 white imps
  4 dart slugs
  4 ribbon worms
  11 orcs
  4 bats
  14 endoplasms
  5 giant cockroaches
  10 goblins
  5 hobgoblins
  6 quokkas
  13 ball pythons
  4 frilled lizards
  10 kobolds
  16 rats
314 creatures vanquished.

Vanquished Creatures (others)
  An unseen horror (D:10)
  A gnoll (D:10)
2 creatures vanquished.

Grand Total: 316 creatures vanquished

Notes
Turn   | Place    | Note
-------+----------+-------------------------------------------
     0 | D:1      | smashvw the Minotaur Fighter began the quest for the Orb.
     0 | D:1      | Reached XP level 1. HP: 19/19 MP: 0/0
   218 | D:1      | Reached skill level 3 in Axes
   218 | D:1      | Reached XP level 2. HP: 24/26 MP: 1/1
   571 | D:1      | Reached XP level 3. HP: 29/31 MP: 2/2
   911 | D:2      | Identified the ring "Feasuok" {Str+6 Int+3 Dex+2 SInv}
  1313 | D:2      | Reached skill level 4 in Axes
  1487 | D:2      | Reached XP level 4. HP: 39/39 MP: 3/3
  1698 | D:3      | Found Owiremm's Book Shoppe.
  1778 | D:3      | Found a shimmering blue altar of Sif Muna.
  1800 | D:3      | Reached skill level 5 in Shields
  1929 | D:3      | Found a glowing golden altar of the Shining One.
  2230 | D:3      | Found a bloodstained altar of Trog.
  2556 | D:4      | Noticed a phantom
  2562 | D:4      | Killed a phantom
  2563 | D:4      | Reached skill level 5 in Axes
  2563 | D:4      | Reached XP level 5. HP: 45/45 MP: 4/4
  2576 | D:4      | Found Omumilem's Armour Boutique.
  2682 | D:4      | Found a glowing drain.
  2686 | Sewer    | Entered a sewer
  2721 | Sewer    | Reached skill level 6 in Axes
  2721 | Sewer    | Reached XP level 6. HP: 24/51 MP: 5/5
  3053 | Sewer    | Reached skill level 7 in Axes
  3206 | Sewer    | Reached XP level 7. HP: 57/57 MP: 6/6
  3250 | Sewer    | Reached skill level 8 in Axes
  3382 | Sewer    | Reached skill level 9 in Axes
  3763 | D:4      | Noticed Sigmund
  3767 | D:4      | Killed Sigmund
  3768 | D:4      | Reached skill level 10 in Axes
  3768 | D:4      | Reached XP level 8. HP: 19/64 MP: 7/7
  4351 | D:5      | Entered Level 5 of the Dungeon
  4425 | D:5      | Found a sparkling altar of Nemelex Xobeh.
  4597 | D:5      | Reached skill level 11 in Axes
  4797 | D:5      | Found an ancient bone altar of Kikubaaqudgha.
  5317 | D:5      | Noticed Edmund
  5325 | D:5      | Killed Edmund
  5326 | D:5      | Reached skill level 1 in Throwing
  5370 | D:6      | Found a staircase to the Ecumenical Temple.
  5391 | D:6      | Noticed Maggie
  5402 | D:6      | Reached skill level 5 in Fighting
  5404 | D:6      | Killed Maggie
  5405 | D:6      | Reached skill level 5 in Armour
  5418 | Temple   | Entered the Ecumenical Temple
  5432 | Temple   | Became a worshipper of Warmaster Okawaru
  5519 | D:6      | Found Saipt's Armour Boutique.
  5597 | D:6      | Reached XP level 9. HP: 74/74 MP: 8/8
  5603 | D:6      | Found a hide-covered altar of Uskayaw.
  5630 | D:6      | Found a radiant altar of Vehumet.
  5848 | D:6      | Found a snail-covered altar of Cheibriados.
  5945 | D:6      | Found a sacrificial altar of Ru.
  6211 | D:7      | Reached * piety under Okawaru
  6424 | D:7      | Found a transporter.
  6424 | D:7      | Noticed a cyclops
  6458 | D:7      | Reached skill level 12 in Axes
  6488 | D:7      | Noticed a troll
  6495 | D:7      | Killed a troll
  6649 | D:7      | Found a transporter.
  6668 | D:7      | Found a white marble altar of Elyvilon.
  6771 | D:7      | Noticed an unseen horror
  6775 | D:7      | Killed an unseen horror
  6775 | D:7      | Reached ** piety under Okawaru
  6842 | D:7      | Reached XP level 10. HP: 20/86 MP: 9/9
  7454 | D:8      | Reached skill level 5 in Throwing
  7875 | D:8      | Noticed Erica
  7876 | D:8      | Found a stormy altar of Qazlal.
  7883 | D:8      | Killed Erica
  7883 | D:8      | Reached *** piety under Okawaru
  7996 | D:8      | Found a shadowy altar of Dithmenos.
  8495 | D:9      | Reached skill level 13 in Axes
  8582 | D:9      | Found a staircase to the Lair.
  8611 | D:9      | Reached **** piety under Okawaru
  8816 | D:9      | Found a hazy altar of Hepliaklqana.
  9843 | D:10     | Entered Level 10 of the Dungeon
  9843 | D:10     | Noticed a two-headed ogre
  9850 | D:10     | Killed a two-headed ogre
  9870 | D:10     | Found a glowing silver altar of Zin.
  9888 | D:10     | Noticed Josephine
  9891 | D:10     | Reached XP level 11. HP: 86/97 MP: 10/10
 10074 | D:10     | Noticed a two-headed ogre
 10079 | D:10     | Killed a two-headed ogre
 10079 | D:10     | Reached ***** piety under Okawaru
 10084 | D:10     | Reached skill level 10 in Fighting
 10088 | D:10     | Killed Josephine
 10089 | D:10     | Reached skill level 10 in Armour
 10093 | D:10     | Reached skill level 14 in Axes
 10189 | D:10     | Identified the +0 cloak of Nikhy {rElec rF++}
 10711 | D:11     | Noticed a skeletal warrior
 10713 | D:11     | Noticed a skeletal warrior
 10714 | D:11     | Noticed a skeletal warrior
 11000 | Lair:1   | Entered Level 1 of the Lair of Beasts
 11024 | Lair:1   | Received a gift from Okawaru
 12081 | Lair:2   | Noticed a harpy
 12081 | Lair:2   | Noticed a harpy
 12081 | Lair:2   | Found a staircase to the Shoals.
 12086 | Lair:2   | Killed a harpy
 12087 | Lair:2   | Reached skill level 15 in Axes
 12088 | Lair:2   | Killed a harpy
 12090 | Lair:2   | Noticed a death yak
 12103 | Lair:2   | Killed a death yak
 12179 | Lair:2   | Noticed a skyshark
 12187 | Lair:2   | Killed a skyshark
 12188 | Lair:2   | Reached skill level 16 in Axes
 12188 | Lair:2   | Reached XP level 12. HP: 100/110 MP: 11/11
 12338 | Lair:2   | Noticed a four-headed hydra
 12346 | Lair:2   | Killed a one-headed hydra
 12396 | Lair:2   | Found a staircase to the Snake Pit.
 12396 | Lair:2   | You fall into a shaft and drop 2 floors!
 12399 | Lair:4   | Noticed Sonja
 12407 | Lair:4   | Killed Sonja
 12408 | Lair:4   | Reached skill level 17 in Axes
 12412 | Lair:4   | Received a gift from Okawaru
 12793 | Lair:2   | Reached ****** piety under Okawaru
 12794 | Lair:2   | Reached skill level 18 in Axes
 12874 | Lair:2   | Acquired the +5 broad axe of the Scorching Whale {elec,
                  | rElec Will+ Str+5}
 12874 | Lair:2   | Received a gift from Okawaru
 12877 | Lair:2   | Acquired the +1 pair of gloves "Ogynlemn" {Int+2 Stlth+}
 12877 | Lair:2   | Received a gift from Okawaru
 12957 | Lair:2   | Received a gift from Okawaru
 13344 | Lair:3   | Noticed a death yak
 13346 | Lair:3   | Noticed a death yak
 13347 | Lair:3   | Noticed a death yak
 13347 | Lair:3   | Noticed a death yak
 13357 | Lair:3   | Killed a death yak
 13360 | Lair:3   | Noticed a death yak
 13362 | Lair:3   | Killed a death yak
 13394 | Lair:3   | HP: 2/112 [polar bear (4)]
 13719 | Lair:3   | Noticed a five-headed hydra
 13727 | Lair:3   | Killed a one-headed hydra
 13787 | Lair:2   | Killed a death yak
 13995 | Lair:3   | Noticed Kirke
 14012 | Lair:3   | Noticed a sphinx
 14015 | Lair:3   | Noticed a sphinx
 14016 | Lair:3   | HP: 3/112 [sphinx[Kirke] (17)]
 14016 | Lair:3   | Slain by a sphinx

Illustrated notes

Levels and vault maps discovered:
D:1:      dpeg_arrival_water_fire, layout_basic, amcnicky_mini_corridor_feature,
          minmay_pentomino_v4
D:2:      layout_basic, corexii_corridor_pit
D:3:      layout_loops_corners, amcnicky_altar_gilded,
          overflow_temple_1_default, nicolae_sif_muna_little_library,
          serial_shops, shop
D:4:      layout_basic, serial_shops, shop_statue, gup_sewer_entry_bowl,
          uniq_sigmund
D:5:      layout_gridville, mainiacjoe_overflow_six_doors_small,
          kennysheep_little_box, uniq_edmund
D:6:      layout_loops_ring, nicolae_ru_path_of_blood,
          nicolae_overflow_crystal_walls, vehumet_altar_wand_db,
          nicolae_uskayaw_dance_hall, temple_pool_b, serial_shops, shop,
          uniq_maggie
D:7:      minmay_opposing_rooms, layout_rooms, gammafunk_temple_overflow_arena
D:8:      layout_loops_cross, nicolae_dithmenos_through_a_glass_darkly,
          old_standard_altar, uniq_erica
D:9:      layout_roguey, mainiacjoe_overflow_24_doors,
          due_lair_maze_entry_diamond, chequers_jeans,
          ebering_dispersal_statue_hall, hangedman_abyss_or_decor_passed,
          minmay_diced_spiral
D:10:     layout_cave_pools, general_overflow_altar,
          kennysheep_cross_bottleneck, uniq_josephine
D:11:     layout_loops_corners, orc_0_dummy, trove_entry_hex_spiral,
          serial_shops, nicolae_stop_n_shop_2, nicolae_blasting_shop,
          chequers_serial_rivers_small_a
Temple:   nicolae_temple_colour_theory
Lair:1:   layout_cave_shapes
Lair:2:   layout_misc_corridors, nicolae_shoals_entry_roost,
          guppyfry_snake_entry_island
Lair:3:   layout_chaotic_city, grunt_forest_stairs_basic,
          dreamdust_gnoll_shepherd, lemuel_fruit_tree, uniq_kirke
Lair:4:   beast_lair_carwin_large_1, layout_layer_cave, slime_entry_2,
          uniq_sonja

Skill      XL: |  1  2  3  4  5  6  7  8  9 10 11 12 |
---------------+-------------------------------------+-----
Shields        | 4 5 6 7 |  7.6
Axes           | 3 4 5 6 7 10 11 12 13 16 18 | 18.0
Fighting       | 5 7 9 11 12 | 12.1
Armour         | 5 7 9 11 12 | 12.0
Throwing       | 2 4 6 |  6.0

Action                     |  1- 3 |  4- 6 |  7- 9 | 10-12 || total
---------------------------+-------+-------+-------+-------++-------
  Melee: War axe           |   112 |    93 |   185 |   340 ||   730
         Headbutt          |     6 |    13 |    35 |    76 ||   130
         Broad axe         |       |       |       |    47 ||    47
         Unarmed           |       |       |       |     8 ||     8
 Invoke: Heroism           |       |       |       |     1 ||     1
         Receive Weapon    |       |       |       |     1 ||     1
         Receive Armour    |       |       |       |     1 ||     1
    Use: Potion            |       |       |     1 |       ||     1
         Scroll            |       |       |       |    13 ||    13
 Armour: Scale mail        |    98 |    54 |   117 |   264 ||   533
         Skin              |       |       |       |    10 ||    10
  Dodge: Dodged            |    50 |    37 |    56 |    95 ||   238
  Block: Buckler           |    32 |    21 |    46 |   151 ||   250
         Reflection        |       |       |     3 |     1 ||     4
         Other             |       |       |       |     2 ||     2

Table legend: (Time is in decaauts)
 A = Elapsed time spent in this place.
 B = Non-inter-level travel time spent in this place.
 C = Inter-level travel time spent in this place.
 D = Time resting spent in this place.
 E = Time spent auto-exploring this place.
 F = Levels seen in this place.
 G = Mean time per level.
                   A        B        C        D        E       F      G
               +--------+--------+--------+--------+--------+-----+--------+
         Total |  14263 |  13385 |    878 |   1376 |  10067 |  17 |  839.0 |
       Dungeon |  10152 |   9341 |    811 |    496 |   7526 |  11 |  922.9 |
        Temple |     28 |      2 |     26 |      0 |      0 |   1 |   28.0 |
          Lair |   2966 |   2926 |     40 |    880 |   1650 |   4 |  741.5 |
         Sewer |   1115 |   1115 |      0 |      0 |    889 |   1 | 1115.0 |
               +--------+--------+--------+--------+--------+-----+--------+

Top non-repeatable levels by time:
     D:9: 1229 daAuts
     D:8: 1190 daAuts
   Sewer: 1115 daAuts
     D:7: 1102 daAuts
  Lair:1: 1073 daAuts
     D:5: 1065 daAuts
     D:1: 1055 daAuts
  Lair:2: 1027 daAuts
     D:4: 1005 daAuts
     D:3: 930 daAuts
     D:6: 806 daAuts
     D:2: 772 daAuts
    D:10: 717 daAuts
  Lair:3: 584 daAuts
  Lair:4: 281 daAuts
